General information
- name: BNet
- type: Ladder team game (AT/RT)
- host: Battle.net
- saver: STUCKWITHRETARD
map: Battleground
- players: 8
- length: 54:19
- speed: Fast
- version: 1.28 W3XP
- replay type: Public
» download(220 KB)
Players
team 1 (loser)

»
Dabu (
orange | 52 APM | 1635 actions | 31:18)
6 Blademaster
3 Wind Walk
2 Critical Strike
1 Bladestorm
4 Shadow Hunter
2 Hex
2 Healing Wave
» actions
| Assign group hotkey | 102 | |
| Basic commands | 46 | |
| Build / train | 82 | |
| ESC pressed | 14 | |
| Enter build submenu | 43 | |
| Enter hero's abilities submenu | 10 | |
| Give item / drop item | 3 | |
| Right click | 412 | |
| Select / deselect | 366 | |
| Select group hotkey | 457 | |
| Use ability | 100 | |
1635 total
» units
| Peon | 15 | |
| Grunt | 5 | |
| Troll Headhunter/Berserker | 7 | |
| Wind Rider | 6 | |
| Tauren | 4 | |
| Shaman | 3 | |
| Troll Witch Doctor | 1 | |
41 total
» upgrades
| Armor | 2 | |
| Troll Regeneration | 1 | |
| Envenomed Spears | 2 | |
| Berserker Upgrade | 2 | |
| Reinforced Defenses | 1 | |
| Ranged Weapons | 3 | |
| Melee Weapons | 2 | |
| Shaman Training | 2 | |
| Witch Doctor Training | 2 | |
| Pulverize | 1 | |
18 total
» buildings
| Orc Burrow | 8 | |
| Altar of Storms | 2 | |
| Barracks | 2 | |
| War Mill | 3 | |
| Voodoo Lounge | 2 | |
| Stronghold | 1 | |
| Watch Tower | 8 | |
| Fortress | 1 | |
| Beastiary | 2 | |
| Spirit Lodge | 3 | |
| Tauren Totem | 2 | |
| Great Hall | 1 | |
35 total
» build order
00:09 Orc Burrow
00:22 Altar of Storms
01:04 Orc Burrow
01:34 Barracks
02:01 War Mill
02:09 Barracks
02:16 Voodoo Lounge
02:46 Orc Burrow
04:12 Stronghold
04:59 Watch Tower
05:16 Watch Tower
05:46 Watch Tower
05:51 Watch Tower
06:40 Orc Burrow
06:44 Orc Burrow
07:01 Fortress
07:18 Watch Tower
07:43 Beastiary
10:41 Beastiary
11:54 Watch Tower
12:10 Voodoo Lounge
12:26 War Mill
13:27 Orc Burrow
16:15 Spirit Lodge
16:24 Spirit Lodge
16:30 Spirit Lodge
17:28 Tauren Totem
17:32 Watch Tower
18:38 Tauren Totem
18:44 Watch Tower
20:57 Orc Burrow
22:16 Altar of Storms
23:03 War Mill
25:15 Orc Burrow
30:08 Great Hall
» items
| Healing Salve | 2 | |
| Potion of Healing | 2 | |
| Orb of Lightning | 2 | |
| Lesser Clarity Potion | 1 | |
7 total
STUCKWITHRETARD (
purple | 55 APM | 2962 actions | 54:19)
10 Blademaster
3 Wind Walk
3 Critical Strike
1 Bladestorm
3 Mirror Image
» actions
| Assign group hotkey | 60 | |
| Basic commands | 348 | |
| Build / train | 109 | |
| Enter build submenu | 67 | |
| Enter hero's abilities submenu | 10 | |
| Give item / drop item | 29 | |
| Remove unit from queue | 6 | |
| Right click | 1054 | |
| Select / deselect | 550 | |
| Select group hotkey | 460 | |
| Use ability | 269 | |
2962 total
» units
| Peon | 26 | |
| Grunt | 4 | |
| Troll Batrider | 10 | |
| Wind Rider | 12 | |
52 total
» upgrades
| Armor | 3 | |
| Reinforced Defenses | 1 | |
| Troll Regeneration | 1 | |
| Ranged Weapons | 3 | |
| Envenomed Spears | 1 | |
| Pillage | 1 | |
10 total
» buildings
| Orc Burrow | 6 | |
| Altar of Storms | 3 | |
| Barracks | 3 | |
| Voodoo Lounge | 2 | |
| War Mill | 4 | |
| Stronghold | 1 | |
| Watch Tower | 39 | |
| Beastiary | 4 | |
| Fortress | 1 | |
| Great Hall | 1 | |
64 total
» build order
00:12 Orc Burrow
00:53 Altar of Storms
00:54 Barracks
01:06 Altar of Storms
01:07 Barracks
01:09 Orc Burrow
01:14 Barracks
01:17 Altar of Storms
01:47 Voodoo Lounge
02:42 War Mill
04:09 Stronghold
04:15 Watch Tower
04:49 Watch Tower
04:52 Watch Tower
05:58 Orc Burrow
06:32 Beastiary
06:32 Beastiary
06:38 Orc Burrow
06:43 Watch Tower
06:44 Watch Tower
09:13 Fortress
11:38 War Mill
12:09 Watch Tower
12:10 Watch Tower
12:10 Watch Tower
12:15 Watch Tower
12:15 Watch Tower
15:27 Watch Tower
15:29 Watch Tower
15:32 Watch Tower
15:34 Watch Tower
15:35 Watch Tower
17:46 Watch Tower
17:47 Watch Tower
17:47 Watch Tower
17:47 Watch Tower
17:48 Watch Tower
17:49 Watch Tower
17:49 Watch Tower
19:07 Great Hall
19:15 Watch Tower
19:15 Watch Tower
19:19 Watch Tower
19:20 Watch Tower
20:26 Watch Tower
20:54 Watch Tower
20:56 Watch Tower
21:02 Watch Tower
21:02 Watch Tower
21:03 Watch Tower
22:49 Voodoo Lounge
27:02 Beastiary
27:48 Orc Burrow
28:09 Watch Tower
28:10 Watch Tower
28:10 Watch Tower
28:19 War Mill
29:00 Orc Burrow
29:06 War Mill
29:48 Watch Tower
29:50 Watch Tower
29:53 Watch Tower
» items
| Healing Salve | 7 | |
| Scroll of Town Portal | 2 | |
| Tiny Great Hall | 2 | |
| Periapt of Vitality | 2 | |
| Potion of Healing | 3 | |
| Potion of Mana | 3 | |
| Lesser Clarity Potion | 5 | |
| Orb of Lightning | 1 | |
| Staff of Teleportation | 1 | |
| Circlet of Nobility | 1 | |
27 total
Aecio_Neves (
yellow | 13 APM | 680 actions | 54:19)
3 Crypt Lord
1 Carrion Beetles
2 Spiked Carapace
» actions
| Basic commands | 17 | |
| Build / train | 46 | |
| Enter build submenu | 17 | |
| Enter hero's abilities submenu | 3 | |
| Remove unit from queue | 2 | |
| Right click | 226 | |
| Select / deselect | 328 | |
| Use ability | 40 | |
680 total
» units
| Acolyte | 2 | |
| Ghoul | 3 | |
| Crypt Fiend | 6 | |
| Gargoyle | 11 | |
| Frost Wyrm | 5 | |
27 total
» upgrades
| Creature Attack | 3 | |
| Creature Carapace | 2 | |
| Web | 1 | |
| Freezing Breath | 1 | |
7 total
» buildings
| Ziggurat | 6 | |
| Crypt | 1 | |
| Graveyard | 1 | |
| Altar of Darkness | 1 | |
| Halls of the Dead | 1 | |
| Black Citadel | 1 | |
| Sacrificial Pit | 1 | |
| Tomb of Relics | 1 | |
| Boneyard | 1 | |
| Great Hall | 1 | |
| Orc Burrow | 2 | |
| Altar of Storms | 1 | |
18 total
» build order
00:26 Ziggurat
00:43 Crypt
00:51 Graveyard
01:05 Altar of Darkness
02:01 Ziggurat
04:08 Halls of the Dead
04:15 Ziggurat
06:04 Ziggurat
07:37 Black Citadel
08:02 Sacrificial Pit
08:15 Tomb of Relics
10:45 Boneyard
15:10 Ziggurat
15:15 Ziggurat
29:30 Great Hall
30:32 Orc Burrow
30:41 Orc Burrow
31:04 Altar of Storms
» items
| Orb of Corruption | 1 | |
| Scroll of Town Portal | 2 | |
| Potion of Healing | 1 | |
4 total
cards60 (
red | 25 APM | 603 actions | 24:18)
5 Tauren Chieftain
2 War Stomp
3 Endurance Aura
» actions
| Basic commands | 16 | |
| Build / train | 74 | |
| Enter build submenu | 20 | |
| Enter hero's abilities submenu | 5 | |
| Remove unit from queue | 11 | |
| Right click | 291 | |
| Select / deselect | 145 | |
| Use ability | 41 | |
603 total
» units
| Peon | 8 | |
| Grunt | 13 | |
| Troll Headhunter/Berserker | 11 | |
| Shaman | 5 | |
| Tauren | 2 | |
39 total
» upgrades
| Pillage | 1 | |
| Melee Weapons | 2 | |
| Armor | 1 | |
| Ranged Weapons | 1 | |
| Spiked Barricades | 1 | |
| Berserker Strength | 1 | |
| Troll Regeneration | 1 | |
| Berserker Upgrade | 1 | |
| Shaman Training | 2 | |
11 total
» buildings
| Orc Burrow | 7 | |
| Altar of Storms | 1 | |
| War Mill | 1 | |
| Barracks | 1 | |
| Voodoo Lounge | 2 | |
| Stronghold | 1 | |
| Watch Tower | 3 | |
| Fortress | 1 | |
| Spirit Lodge | 1 | |
| Tauren Totem | 1 | |
19 total
» build order
00:28 Orc Burrow
00:44 Altar of Storms
01:11 War Mill
01:44 Barracks
01:59 Voodoo Lounge
02:04 Voodoo Lounge
02:21 Orc Burrow
03:16 Orc Burrow
04:25 Orc Burrow
06:10 Stronghold
07:44 Watch Tower
08:38 Fortress
08:48 Orc Burrow
13:25 Watch Tower
13:37 Spirit Lodge
13:44 Tauren Totem
14:40 Watch Tower
15:21 Orc Burrow
17:39 Orc Burrow
» items
| Healing Salve | 2 | |
| Lesser Clarity Potion | 1 | |
| Scroll of Town Portal | 1 | |
| Orb of Lightning | 1 | |
5 total
team 2 (winner)
naggersnjuice (
pink | 287 APM | 7807 actions | 27:13)
6 Death Knight
3 Death Coil
2 Unholy Aura
1 Animate Dead
6 Pit Lord
3 Howl of Terror
2 Cleaving Attack
1 Doom
» actions
| Assign group hotkey | 116 | |
| Basic commands | 16 | |
| Build / train | 108 | |
| ESC pressed | 1 | |
| Enter build submenu | 17 | |
| Enter hero's abilities submenu | 15 | |
| Give item / drop item | 7 | |
| Right click | 1253 | |
| Select / deselect | 479 | |
| Select group hotkey | 5592 | |
| Use ability | 203 | |
7807 total
» units
| Acolyte | 7 | |
| Ghoul | 4 | |
| Crypt Fiend | 12 | |
| Forest Troll Shadow Priest | 1 | |
| Frost Wyrm | 10 | |
34 total
» upgrades
| Creature Attack | 1 | |
| Creature Carapace | 1 | |
| Web | 1 | |
| Burrow | 1 | |
| Freezing Breath | 1 | |
5 total
» buildings
| Crypt | 1 | |
| Altar of Darkness | 1 | |
| Ziggurat | 7 | |
| Graveyard | 1 | |
| Tomb of Relics | 1 | |
| Halls of the Dead | 3 | |
| Black Citadel | 4 | |
| Sacrificial Pit | 1 | |
| Nerubian Tower | 3 | |
| Boneyard | 2 | |
| Spirit Tower | 3 | |
27 total
» build order
00:38 Crypt
00:40 Altar of Darkness
00:45 Ziggurat
01:19 Graveyard
01:23 Ziggurat
01:28 Tomb of Relics
03:12 Ziggurat
04:39 Halls of the Dead
04:39 Halls of the Dead
04:39 Halls of the Dead
05:50 Ziggurat
07:12 Black Citadel
07:12 Black Citadel
07:12 Black Citadel
07:14 Sacrificial Pit
09:06 Nerubian Tower
09:06 Nerubian Tower
09:06 Nerubian Tower
09:17 Ziggurat
09:34 Boneyard
10:08 Boneyard
11:35 Ziggurat
17:00 Ziggurat
18:17 Spirit Tower
18:18 Spirit Tower
18:21 Spirit Tower
» items
| Rod of Necromancy | 8 | |
| Orb of Corruption | 3 | |
| Dust of Appearance | 2 | |
| Scroll of Town Portal | 6 | |
| Scroll of Regeneration | 1 | |
| Lesser Clarity Potion | 1 | |
| Potion of Healing | 3 | |
24 total
JustinBieber (
teal | 114 APM | 3143 actions | 27:28)
7 Archmage
1 Blizzard
3 Brilliance Aura
2 Summon Water Elemental
1 Mass Teleport
5 Death Knight
3 Death Coil
2 Unholy Aura
» actions
| Assign group hotkey | 38 | |
| Basic commands | 302 | |
| Build / train | 192 | |
| ESC pressed | 10 | |
| Enter build submenu | 38 | |
| Enter hero's abilities submenu | 13 | |
| Give item / drop item | 2 | |
| Remove unit from queue | 9 | |
| Right click | 833 | |
| Select / deselect | 636 | |
| Select group hotkey | 909 | |
| Use ability | 159 | |
3143 total
» units
| Peasant | 17 | |
| Acolyte | 18 | |
| Ghoul | 5 | |
| Rifleman | 6 | |
| Crypt Fiend | 4 | |
| Mortar Team | 2 | |
| Frost Wyrm | 10 | |
| Siege Engine | 6 | |
| Flying Machine | 12 | |
80 total
» upgrades
| Gunpowder | 2 | |
| Armor | 1 | |
| Creature Attack | 2 | |
| Creature Carapace | 1 | |
| Long Rifles | 1 | |
| Web | 1 | |
| Flare | 1 | |
| Fragmentation Shards | 2 | |
| Freezing Breath | 1 | |
| Barrage | 1 | |
13 total
» buildings
| Altar of Kings | 1 | |
| Farm | 6 | |
| Lumber Mill | 1 | |
| Ziggurat | 9 | |
| Altar of Darkness | 1 | |
| Crypt | 2 | |
| Graveyard | 2 | |
| Blacksmith | 1 | |
| Barracks | 1 | |
| Keep | 2 | |
| Nerubian Tower | 2 | |
| Halls of the Dead | 3 | |
| Arcane Vault | 1 | |
| Spirit Tower | 7 | |
| Castle | 2 | |
| Black Citadel | 3 | |
| Sacrificial Pit | 1 | |
| Workshop | 3 | |
| Boneyard | 3 | |
| Scout Tower | 2 | |
| Guard Tower | 6 | |
59 total
» build order
00:14 Altar of Kings
00:19 Farm
00:21 Lumber Mill
00:29 Ziggurat
00:31 Ziggurat
00:31 Altar of Darkness
00:50 Crypt
01:00 Farm
01:39 Graveyard
01:49 Blacksmith
01:55 Barracks
02:00 Ziggurat
02:46 Crypt
03:05 Farm
03:44 Keep
03:44 Keep
04:15 Farm
04:44 Ziggurat
04:45 Ziggurat
04:47 Nerubian Tower
04:48 Nerubian Tower
04:49 Halls of the Dead
04:49 Halls of the Dead
04:54 Farm
05:23 Arcane Vault
05:42 Spirit Tower
05:42 Spirit Tower
06:33 Farm
06:34 Castle
06:34 Castle
07:06 Ziggurat
07:07 Ziggurat
07:11 Black Citadel
07:11 Black Citadel
07:12 Sacrificial Pit
07:21 Workshop
07:22 Workshop
10:13 Boneyard
10:15 Boneyard
10:17 Boneyard
10:28 Scout Tower
10:29 Scout Tower
11:00 Guard Tower
11:00 Guard Tower
11:00 Guard Tower
11:09 Guard Tower
11:09 Guard Tower
14:11 Graveyard
15:50 Spirit Tower
15:51 Spirit Tower
15:51 Spirit Tower
16:30 Workshop
17:55 Ziggurat
17:56 Ziggurat
18:22 Spirit Tower
» items
| Periapt of Vitality | 1 | |
| Scroll of Regeneration | 6 | |
| Potion of Healing | 1 | |
| Scroll of Town Portal | 2 | |
10 total
Chat log
(00:19 / All) STUCKWITHRETARD: DABU! DABU!
(00:30 / All) Dabu: Zug Zug
(00:39 / All) STUCKWITHRETARD: wowberryfast is the one that got bm sh but didn't get hex
(00:44 / All) STUCKWITHRETARD: so I wasted my team chasing pally
(01:23 / Allies) STUCKWITHRETARD: this peon dun goofed
(02:39 / Allies) STUCKWITHRETARD: get some tier1 because they will prob rush
(03:05 / Allies) Dabu: ok
(04:27 / Allies) Dabu: dont tk plz purp
(04:33 / Allies) Dabu: i know how u like to mass wyvs at the end and tk
(04:34 / Allies) Dabu: lol
(04:43 / Allies) STUCKWITHRETARD: I'm innocent
(04:54 / Allies) Dabu: ok
(07:48 / Allies) STUCKWITHRETARD: scout sum1
(08:30 / All) JustinBieber: u nigger
(10:14 / Allies) STUCKWITHRETARD: they didn't even expo it
(10:21 / Allies) Dabu: lol
(10:30 / Allies) Dabu: i guess they have an afk
(10:38 / Allies) STUCKWITHRETARD: plus a leaver
(14:40 / All) STUCKWITHRETARD: misclicked lawl
(15:24 / Allies) Dabu: purp
(15:27 / Allies) Dabu: just tell me if ur in on it
(15:28 / Allies) Dabu: plz
(15:33 / Allies) Dabu: so i can leave right now instead of staying
(15:34 / Allies) Dabu: lol
(15:36 / Allies) STUCKWITHRETARD: stats them
(15:41 / Allies) STUCKWITHRETARD: there's no 0-0
(15:56 / Allies) Dabu: trust
(15:59 / Allies) Dabu: true*
(16:39 / All) STUCKWITHRETARD: red led them there to tk me>?
(16:53 / Allies) STUCKWITHRETARD: I think he was gonna take that expo from me lol
(17:00 / Allies) Dabu: nah he was trying to help u out
(17:03 / Allies) Dabu: by towering ur expo
(17:09 / Allies) STUCKWITHRETARD: I think he made those to attack me lol
(17:18 / Allies) STUCKWITHRETARD: I dunno why he led them there if not
(20:13 / Allies) Dabu: dont give up red
(20:16 / Allies) Dabu: gold plz if u got it
(22:39 / Allies) Dabu: damn ty
(23:47 / Allies) STUCKWITHRETARD: gold lumber
(23:55 / Allies) Dabu: what about acecio_neves
(24:07 / Allies) STUCKWITHRETARD: lumber
(24:35 / Allies) Dabu: plz lets just win this ok
(24:48 / Allies) Dabu: hey aecio
(24:49 / Allies) Dabu: whats up
(24:51 / Allies) Dabu: nice frosty
(26:53 / Allies) STUCKWITHRETARD: lumber
(27:21 / Allies) Dabu: why did he unsummon everything
(28:16 / Allies) Dabu: gold plz
(28:18 / Allies) Dabu: ill share lumber
(29:27 / Allies) Dabu: they're all afk
(30:34 / All) Dabu: come on
(30:36 / Allies) Dabu: come on dude
(30:38 / Allies) Dabu: why u gonna do this?
(31:09 / Allies) Dabu: mass wyverns
(31:10 / Allies) Dabu: how creative
(43:36 / All) STUCKWITHRETARD: HUEHUEHUEHUEHUE
(54:16 / All) STUCKWITHRETARD: GUESS THAT'S EVERYTHING!